cohdb
Replays
Latest Replays
All Replays
Popular Replays
Top Player Replays
Match Explorer
How It Works
Community
CoH3 Stats
Reddit
Sign in to upload your games and track your stats! →
Sign in with Steam
Match 40790708
Unlisted
Match 40790708
Overview
Messages
Build Orders
End
Vickers Machine Gun Team
Construct Section Command Post
Infantry Section
ML 3-inch Mortar Team
Infantry Section
Construct Field Infirmary
Grenade Package
Construct Platoon Command Post
CMP 15cwt Truck
6-pounder Anti-tank Gun Team
Forward Retreat Point
Unlock Bishop Self-propelled Artillery
Selects Heavy Armor Battlegroup
Selects Heavy Armor Battlegroup
Bishop Self-propelled Artillery
Bishop Self-propelled Artillery
Selects Light Vehicle Withdraw and Refit
Selects UNKNOWN (202330)
Construct Company Command Post
freetime00
surgeon70
Stock is best property
Nuclear Viking
Vergil
wnsldj789123
0
0
Comments
sign in to comment!
No comments posted yet!